 Dungeon Crawl Stone Soup version 0.16-a0-1858-gba9b1e2 (webtiles) character file.

9616 RobertPalmer the Martial Artist (level 11, -12/84 HPs)
             Began as a Demonspawn Transmuter on Nov 4, 2014.
             Was a Believer of Ru.
             Mangled by a freezing wraith (14 damage)
             ... in an ice cave.
             The game lasted 00:44:20 (17745 turns).

RobertPalmer the Martial Artist (DsTm)             Turns: 17745, Time: 00:44:20

Health: -12/84     AC:  6    Str: 10    XL:     11   Next: 25%
Magic:  17/17      EV: 13    Int: 17    God:    Ru [**....]
Gold:   71         SH:  0    Dex: 15    Spells: 3 memorised, 5 levels left

rFire  x . .     SeeInvis +       - Unarmed
rCold  + + +     Clarity  .     c - melded +1 robe
rNeg   + . .     SustAb   .     (shield currently unavailable)
rPois  +         Gourm    .     I - melded +0 helmet
rElec  .         Spirit   .     i - melded +2 cloak
rCorr  .         Warding  .     n - melded +0 pair of gloves
rMut   .         Stasis   .     y - melded +0 pair of boots
MR     .....                    (no amulet)
Stlth  +.........               F - ring of see invisible
                                J - ring of positive energy

@: ice-form, no potions, not resistant to hostile enchantments, very unstealthy
A: (hooves 0), (yellow scales 0), powered by pain 2, inability to drink while
threatened, hated by all
a: End Transformation, Renounce Religion


You were in an ice cave.
You worshipped Ru.
Ru was pleased with you.
You were not hungry.
You were a creature of crystalline ice.
You visited 3 branches of the dungeon, and saw 12 of its levels.
You also visited: Bailey and Ice Cave.

You collected 599 gold pieces.
You spent 528 gold pieces at shops.


Innate Abilities, Weirdness & Mutations

((You have large cloven feet.))
((You are mostly covered in yellow scales (AC +3).))
You sometimes gain power by taking damage.
You cannot drink potions while threatened.
You are hated by all.


   Skills:
 - Level 1.0 Fighting
 + Level 6.6 Dodging
 - Level 11.7 Unarmed Combat
 - Level 2.0 Spellcasting
 - Level 9.2 Transmutations
 - Level 3.0 Ice Magic


You had 5 spell levels left.
You knew the following spells:

 Your Spells              Type           Power        Failure   Level  Hunger
c - Spider Form           Trmt/Pois      ###.......   10%         3    ###....
x - Ice Form              Ice/Trmt       ###.....     17%         4    #####..
Z - Sticks to Snakes      Trmt           ####......   1%          2    ###....

Inventory:

Hand weapons
 b - a +0 blowgun
Missiles
 j - 7 needles of paralysis
 p - 30 poisoned arrows
 B - 51 arrows
 C - 30 poisoned needles
 M - a throwing net (quivered)
Armour
 c - a +1 robe (melded)
 i - a +2 cloak (melded)
 n - a +0 pair of gloves (melded)
 y - a +0 pair of boots (melded)
 I - a +0 helmet (melded)
Jewellery
 w - the ring "Botzuunn" {Fire Dex+1 Int+2}
   (You bought it in a shop on level 10 of the Dungeon)

   [ring of fire]

   It enhances your fire magic, and weakens your ice magic.
   It affects your intelligence (+2).
   It affects your dexterity (+1).
   It protects you from fire.
   It makes you vulnerable to cold.
 F - a ring of see invisible (right front paw)
 J - a ring of positive energy (left front paw)
Magical devices
 q - a wand of digging (0)
 H - a wand of fire (7)
 O - a wand of draining (7)
Scrolls
 u - 4 scrolls of recharging
 x - 2 scrolls of identify
Potions
 e - 4 potions of heal wounds {unknown}
 f - 2 potions of brilliance
 g - 2 potions of flight
 l - 2 potions of mutation {!q}
 t - 3 potions of curing
 z - 2 potions of resistance {unknown}
 A - 3 potions of restore abilities {unknown}
 D - a potion of cancellation {unknown}
 E - 3 potions of lignification {unknown}
 K - a potion of poison {unknown}
 N - 2 potions of magic
 P - a potion of might {unknown}
 Q - a potion of berserk rage {unknown}
Books
 d - a book of Changes
 s - a book of the Dragon
 v - a book of Wizardry
 L - a book of the Earth
Comestibles
 a - 6 bread rations
 o - 2 beef jerkies
 r - 30 fruits
 G - 2 meat rations

Dungeon Overview and Level Annotations

Branches:
Dungeon (10/15)            Temple (1/1) D:5            Lair (1/8) D:10
    Orc (0/4) D:9

Altars:
Ashenzari
Cheibriados
Dithmenos
Elyvilon
Fedhas
Gozag
Kikubaaqudgha
Makhleb
Nemelex Xobeh
Okawaru
Qazlal
Ru
Sif Muna
Trog
Vehumet
Xom
Yredelemnul
Zin
The Shining One

Shops:
D:10

* ##..##
##.## ##..#
##...#
#..####....#
#...#...#..#
##.....##..#
##...###.##
######..#
##..## .
##.WY# #.
##..W## #.
##...## #..
#...##
#W.#..##
#.....#
##...##
#####


You could see 2 freezing wraiths.


Message History

You barely miss the freezing wraith.
The freezing wraith is severely damaged.
The freezing wraith hits you!
You feel threatened and lose the ability to drink potions!
* * * LOW HITPOINT WARNING * * *
The freezing wraith freezes you. You resist.
* * * LOW HITPOINT WARNING * * *
The freezing wraith closely misses you.
You barely miss the freezing wraith.
The freezing wraith is severely damaged.
The freezing wraith closely misses you. The freezing wraith barely misses you.
You hit the freezing wraith but do no damage.
The freezing wraith is severely damaged.
The freezing wraith hits you!
You feel threatened and lose the ability to drink potions!
* * * LOW HITPOINT WARNING * * *
The freezing wraith freezes you. You resist.
* * * LOW HITPOINT WARNING * * *
The freezing wraith hits you.
* * * LOW HITPOINT WARNING * * *
You redirect the freezing wraith's attack!
The freezing wraith hits the freezing wraith but does no damage. x2
You hit the freezing wraith but do no damage.
The freezing wraith is severely damaged.
The freezing wraith closely misses you. The freezing wraith hits you!
You feel threatened and lose the ability to drink potions!
* * * LOW HITPOINT WARNING * * *
The freezing wraith hits you!
You feel threatened and lose the ability to drink potions!
You die...

Action                   |  1- 3 |  4- 6 |  7- 9 | 10-12 || total
-------------------------+-------+-------+-------+-------++-------
Melee: Unarmed           |   179 |   261 |   668 |   386 ||  1494
 Fire: Blowgun           |       |       |    11 |     3 ||    14
Throw: Throwing net      |       |       |     4 |       ||     4
 Cast: Beastly Appendage |    22 |    27 |    23 |       ||    72
       Sticks to Snakes  |     1 |    14 |     1 |       ||    16
       Spider Form       |       |       |    30 |       ||    30
       Ice Form          |       |       |    10 |    32 ||    42
Invok: Sacrifice Love    |       |       |     1 |       ||     1
       Reject Sacrifices |       |       |     1 |       ||     1
       Sacrifice Drink   |       |       |       |     1 ||     1
 Abil: End Transformatio |       |       |     5 |     1 ||     6
Evoke: Wand              |       |     3 |       |     4 ||     7
  Use: Scroll            |     2 |     1 |    16 |     9 ||    28
       Potion            |       |     4 |    14 |     5 ||    23
 Stab: Held in net/web   |       |       |     5 |       ||     5
       Paralysed         |       |       |     4 |       ||     4
       Sleeping          |       |       |     2 |       ||     2
       Invisible         |       |       |     1 |     3 ||     4
       Distracted        |       |       |     1 |     1 ||     2
  Eat: Chunk             |     6 |    10 |    25 |    19 ||    60
       Royal jelly       |       |       |     1 |     2 ||     3
       Pizza             |       |       |     3 |       ||     3
       Fruit             |       |       |     1 |       ||     1
       Beef jerky        |       |       |       |     2 ||     2

Vault maps used:
D:1:      sevenhm_arrival_forest_fort_small_4, kennysheep_boxes
D:2:      uniq_jessica
D:3:      amethyst_overflow_temple_binary, first_bread, vehumet_altar_wand_db,
          uniq_iyjb
D:4:      old_standard_altar, lemuel_coloured_pillars_altar, solitary_fountain,
          uniq_blork_the_orc
D:5:      minmay_temple_entry_overgrown, grunt_decor_clamped, uniq_sigmund
D:6:      minmay_temple_entry_large_hall, basic_altar, portal_sewer_entry_e,
          nicolae_gozag_seed_capital, uniq_menkaure
D:7:      fedhas_altar_3
D:8:      wad_crossroads, ashenzari_conservatory_becter,
          yredelemnul_altar_generic, gammafunk_temple_overflow_statue,
          enter_bailey_3, lightli_corner_chamber, uniq_duvessa
D:9:      grunt_temple_overflow_champion_of_chaos, lemuel_doored_altar,
          orc_0_dummy, blue_anna_alchemist, lightli_fourway_metalbox,
          uniq_maurice
D:10:     dpeg_lair_monsters, serial_shops, nicolae_shop_stone,
          kennysheep_little_box
Temple:   temple_island_7
Lair:1:   portal_ice_cave_entry_pillars_02, pond, uniq_harold
Bailey:   bailey_axe_minmay_hex_keep, bailey
IceCv:    ice_cave_small_necro

Notes
Turn   | Place    | Note
--------------------------------------------------------------
     0 | D:1      | RobertPalmer, the Demonspawn Transmuter, began the quest for the Orb.
     0 | D:1      | Reached XP level 1. HP: 15/15 MP: 3/3
   149 | D:1      | Reached skill level 3 in Unarmed Combat
   291 | D:1      | Gained mutation: You sometimes gain a little power by taking damage. [demonic ancestry]
   291 | D:1      | Reached XP level 2. HP: 4/21 MP: 4/4
  1606 | D:2      | Reached XP level 3. HP: 26/26 MP: 4/6
  1724 | D:2      | Noticed Jessica
  2042 | D:2      | Killed Jessica
  2042 | D:2      | Reached skill level 4 in Unarmed Combat
  2655 | D:2      | Learned a level 2 spell: Sticks to Snakes
  2702 | D:3      | Gained mutation: You sometimes gain power by taking damage. [demonic ancestry]
  2702 | D:3      | Reached XP level 4. HP: 32/32 MP: 3/7
  2751 | D:3      | Found a radiant altar of Vehumet.
  3439 | D:3      | Reached skill level 5 in Unarmed Combat
  3699 | D:3      | Reached XP level 5. HP: 21/37 MP: 7/9
  4108 | D:3      | Noticed Ijyb
  4127 | D:3      | Killed Ijyb
  4431 | D:3      | Found a snail-covered altar of Cheibriados.
  4439 | D:3      | Found an ancient bone altar of Kikubaaqudgha.
  4560 | D:4      | Noticed an ogre
  4578 | D:4      | Noticed Blork the orc
  4795 | D:4      | Noticed an ogre
  4812 | D:4      | Killed an ogre
  4812 | D:4      | Reached skill level 6 in Unarmed Combat
  4942 | D:4      | Noticed Blork
  4942 | D:4      | Blork the orc changed into Blork the steam dragon
  4957 | D:4      | Killed Blork the steam dragon
  4957 | D:4      | Reached XP level 6. HP: 22/43 MP: 10/10
  5026 | D:4      | Killed an ogre
  5026 | D:4      | Reached skill level 7 in Unarmed Combat
  5246 | D:4      | Gained mutation: You have large cloven feet. [demonic ancestry]
  5246 | D:4      | Reached XP level 7. HP: 29/48 MP: 12/12
  5395 | D:4      | Found a deep blue altar of Sif Muna.
  5648 | D:4      | Reached skill level 8 in Unarmed Combat
  5900 | D:4      | Found a glowing silver altar of Zin.
  6029 | D:5      | Entered Level 5 of the Dungeon
  6991 | D:5      | Noticed Sigmund
  7002 | D:5      | Killed Sigmund
  7002 | D:5      | Reached skill level 2 in Transmutations
  7019 | D:5      | Gained mutation: You are partially covered in yellow scales (AC +2). [demonic ancestry]
  7019 | D:5      | Reached XP level 8. HP: 42/54 MP: 11/13
  7033 | D:5      | Found a staircase to the Ecumenical Temple.
  7057 | Temple   | Entered the Ecumenical Temple
  7070 | Temple   | Became a worshipper of Ru the Awakened
  7159 | D:5      | Reached skill level 3 in Transmutations
  7415 | D:6      | Found a staircase to the Ecumenical Temple.
  7804 | D:5      | HP: 5/54 [poisoned by a centaur]
  7812 | D:5      | HP: 5/54 [poisoned by a centaur]
  8189 | D:6      | Reached skill level 4 in Transmutations
  8394 | D:6      | Learned a level 3 spell: Spider Form
  8821 | D:6      | Reached skill level 5 in Transmutations
  8991 | D:6      | Learned a level 4 spell: Ice Form
  9291 | D:6      | Reached skill level 6 in Transmutations
  9446 | D:6      | Reached skill level 7 in Transmutations
  9479 | D:6      | Reached XP level 9. HP: 20/59 MP: 8/14
  9744 | D:6      | Noticed Menkaure
 10032 | D:6      | Killed Menkaure
 10218 | D:6      | Found a shattered altar of Ashenzari.
 10340 | D:6      | Found an opulent altar of Gozag.
 10733 | D:7      | HP: 5/59 [water moccasin (3)]
 10889 | D:7      | Reached skill level 8 in Transmutations
 11532 | D:7      | Found a blossoming altar of Fedhas.
 11693 | D:8      | Found a flagged portal.
 11713 | D:8      | Reached skill level 9 in Transmutations
 11737 | Bailey   | Entered a bailey
 12005 | Bailey   | Reached skill level 1 in Ice Magic
 12127 | Bailey   | Reached skill level 2 in Ice Magic
 12187 | Bailey   | Reached skill level 3 in Ice Magic
 12431 | Bailey   | Reached skill level 9 in Unarmed Combat
 12828 | Bailey   | Gained mutation: You are hated by all. [Ru sacrifice]
 12828 | Bailey   | Acquired Ru's first power
 12922 | Bailey   | Noticed an orc warlord
 13026 | Bailey   | Gained mutation: You are mostly covered in yellow scales (AC +3). [demonic ancestry]
 13026 | Bailey   | Reached XP level 10. HP: 37/65 MP: 16/16
 13031 | Bailey   | Noticed an orc knight
 13032 | Bailey   | Noticed an orc knight
 13299 | D:8      | Found an iron altar of Okawaru.
 13299 | D:8      | Found a sparkling altar of Nemelex Xobeh.
 13318 | D:8      | Noticed a seven-headed hydra
 13410 | D:8      | Found a basalt altar of Yredelemnul.
 13527 | D:8      | Noticed Dowan
 13531 | D:8      | Noticed Duvessa
 13532 | D:8      | Killed Dowan
 13748 | D:8      | Found a shattered altar of Ashenzari.
 14058 | D:8      | Killed Duvessa
 14058 | D:8      | Reached skill level 10 in Unarmed Combat
 14667 | D:9      | Found an opulent altar of Gozag.
 14939 | D:9      | Noticed Maurice
 14952 | D:8      | Killed Maurice
 14952 | D:8      | Reached skill level 11 in Unarmed Combat
 15655 | D:9      | Found a staircase to the Orcish Mines.
 15700 | D:9      | Gained mutation: You cannot drink potions while threatened. [Ru sacrifice]
 15700 | D:9      | Acquired Ru's second power
 15926 | D:9      | Reached skill level 2 in Dodging
 15952 | D:9      | Reached skill level 3 in Dodging
 16150 | D:9      | Found a burning altar of Makhleb.
 16151 | D:9      | Found a shimmering altar of Xom.
 16232 | D:9      | Reached skill level 4 in Dodging
 16423 | D:10     | Entered Level 10 of the Dungeon
 16424 | D:10     | Found Isaz's Assorted Antiques.
 16434 | D:10     | Bought a vibrating granite ring for 125 gold pieces
 16434 | D:10     | Bought a brass ring for 125 gold pieces
 16434 | D:10     | Bought a ruby potion for 22 gold pieces
 16434 | D:10     | Bought a worn fluorescent wand for 100 gold pieces
 16434 | D:10     | Bought a cyan potion for 22 gold pieces
 16434 | D:10     | Bought a smoky black potion for 22 gold pieces
 16434 | D:10     | Bought a scroll of identify for 50 gold pieces
 16434 | D:10     | Bought a potion of agility for 62 gold pieces
 16435 | D:10     | Identified the ring "Botzuunn" {Fire Dex+1 Int+2} (You bought it in a shop on level 10 of the Dungeon)
 16527 | D:10     | Reached XP level 11. HP: 70/70 MP: 12/17
 16609 | D:10     | Found a staircase to the Lair.
 16653 | D:10     | Reached skill level 5 in Dodging
 16672 | Lair:1   | Entered Level 1 of the Lair of Beasts
 16876 | Lair:1   | Noticed a seven-headed hydra
 16899 | Lair:1   | Found a frozen archway.
 16908 | IceCv    | Entered an ice cave
 16920 | IceCv    | HP: 5/84 [alligator simulacrum (4)]
 17267 | IceCv    | Reached skill level 6 in Dodging
 17437 | IceCv    | HP: 6/84 [freezing wraith (4)]
 17745 | IceCv    | HP: 2/84 [freezing wraith (8)]
 17745 | IceCv    | Mangled by a freezing wraith

Vanquished Creatures
  Maurice (D:8)
  2 freezing wraiths (IceCv)
  A wolf spider simulacrum (IceCv)
  A basilisk (D:10)
  10 yaks
  A steam dragon (D:4)
  Menkaure (D:6)
  2 soldier ants
  A water moccasin (D:7)
  A yellow wasp (D:7)
  11 orc warriors
  9 ice beasts
  3 phantoms
  2 necrophages
  An alligator simulacrum (IceCv)
  3 centaurs
  2 sky beasts
  5 porcupines (D:10)
  6 ogres
  Sigmund (D:5)
  Duvessa (D:8)
  2 big kobolds (D:9)
  7 giant frogs
  2 killer bees
  2 centaur zombies
  5 crimson imps
  3 wights (D:6)
  An elephant simulacrum (IceCv)
  Dowan (D:8)
  5 hounds
  An orc priest (D:9)
  5 jellies
  A black bear zombie (D:8)
  A giant frog skeleton (D:4)
  3 iguanas
  A centaur skeleton (D:6)
  5 orc wizards
  6 worker ants
  A polar bear simulacrum (IceCv)
  Ijyb (D:3)
  Jessica (D:2)
  A mottled dragon skeleton (D:9)
  10 gnolls (Bailey)
  A green rat (D:6)
  5 adders
  A shadow imp (D:6)
  2 giant mites
  5 white imps (IceCv)
  4 worms
  An adder skeleton (D:4)
  7 giant geckos
  3 oozes
  60 orcs
  19 bats
  7 giant cockroaches
  36 goblins
  28 hobgoblins
  9 jackals
  5 quokkas
  2 ball pythons
  8 giant newts
  A giant spore (D:3)
  2 hobgoblin skeletons
  22 kobolds
  A kobold zombie (D:5)
  22 rats
  A rat zombie (D:8)
  19 ballistomycetes
401 creatures vanquished.

Vanquished Creatures (collateral kills)
  3 orcs (D:3)
3 creatures vanquished.

Vanquished Creatures (others)
  2 giant spores
  A fungus (D:7)
3 creatures vanquished.

Grand Total: 407 creatures vanquished
